 Dungeon Crawl Stone Soup version 0.17-a0-1115-g0372368 (webtiles) character file.

1880 HeyJoe the Cleaver (level 8, -1/102 HPs)
             Began as a Deep Dwarf Berserker on May 22, 2015.
             Was a High Priest of Trog.
             Shot with a bolt by an orc warrior (6 damage)
             ... in a bailey.
             The game lasted 00:17:46 (5402 turns).

HeyJoe the Cleaver (Deep Dwarf Berserker)           Turns: 5402, Time: 00:17:46

Health: -1/102     AC: 15    Str: 27    XL:     8   Next: 91%
Magic:  8/8        EV:  8    Int:  9    God:    Trog [*****.]
Gold:   357        SH:  0    Dex: 12    Spells: 0 memorised, 7 levels left

rFire  . . .     SeeInvis .     a - +0 hand axe
rCold  . . .     Clarity  .     k - +0 plate armour
rNeg   . . .     SustAt   .     (no shield)
rPois  .         Gourm    .     (no helmet)
rElec  .         Spirit   .     K - +0 cloak
rCorr  .         Warding  .     z - +2 pair of gloves
rMut   .         Rnd*Tele +     (no boots)
MR     +....                    (no amulet)
Stlth  ..........               (no ring)
                                i - ring of teleportation (curse)

@: berserking (expiring), non-regenerating, very quick, somewhat resistant to
hostile enchantments, extremely unstealthy
A: damage resistance, recharge devices, sense surroundings 1, slow healing 3
a: Device Recharging, Burn Spellbooks, Berserk, Trog's Hand, Brothers in Arms,
Renounce Religion, Evoke Teleportation


You were in a bailey.
You worshipped Trog.
Trog was extremely pleased with you.
You were hungry.

You visited 2 branches of the dungeon, and saw 8 of its levels.
You also visited: Sewer and Bailey.

You collected 357 gold pieces.

Inventory:

Hand weapons
 a - a +0 hand axe (weapon)
Armour
 b - a +0 animal skin
 k - a +0 plate armour (worn)
 z - a +2 pair of gloves (worn)
 K - a +0 cloak (worn)
Jewellery
 i - a cursed ring of teleportation (left hand)
 E - an uncursed amulet of guardian spirit {unknown}
 G - an uncursed ring of positive energy {unknown}
 H - an uncursed ring of teleport control {unknown}
Magical devices
 c - a wand of heal wounds (1)
 s - a wand of frost (24)
 w - a wand of random effects (25)
Scrolls
 f - 9 scrolls of identify {unknown}
 h - a scroll of noise {unknown}
 j - 4 scrolls of remove curse {unknown}
 l - 5 scrolls of teleportation {unknown}
 n - a scroll of amnesia {unknown}
 o - a scroll of immolation {unknown}
 q - 2 scrolls of recharging {unknown}
 r - 3 scrolls of enchant armour {unknown}
 x - 2 scrolls of fear {unknown}
 y - 2 scrolls of fog {unknown}
 B - a scroll of blinking {unknown}
 C - 2 scrolls of magic mapping {unknown}
 F - a scroll of enchant weapon {unknown}
Potions
 e - 3 potions of heal wounds
 g - 5 potions of curing {unknown}
 m - a potion of magic {unknown}
 u - 2 potions of resistance {unknown}
 v - a potion of berserk rage {unknown}
 A - a potion of invisibility {unknown}
 D - a potion of ambrosia {unknown}
 I - a potion of lignification {unknown}
Comestibles
 d - 5 bread rations
 p - 8 chunks of flesh
 t - 2 meat rations
 J - a slice of pizza


   Skills:
 - Level 2.6 Fighting
 + Level 12.6 Axes
 - Level 2.1 Armour
 - Level 2.1 Dodging


You had 7 spell levels left.
You didn't know any spells.

Dungeon Overview and Level Annotations

Branches:
Dungeon (7/15)             Temple (1/1) D:5

Altars:
Ashenzari
Dithmenos
Elyvilon
Gozag
Kikubaaqudgha
Makhleb
Nemelex Xobeh
Okawaru
Qazlal
Ru
Sif Muna
Trog
Vehumet
Xom
Zin
The Shining One

Shops:
D:7 }


Innate Abilities, Weirdness & Mutations

You are resistant to damage.
You can recharge devices by infusing magical energy.
You passively map a small area around you.
You do not heal naturally.


Message History

The orc warrior is heavily wounded.
You closely miss the orc warrior.
The orc warrior is heavily wounded.
You hit the orc warrior.
The orc warrior is heavily wounded.
The orc warrior barely misses you.
The orc warrior shoots a bolt.
The bolt hits you but does no damage.
Your plate armour prevents you from hitting the orc warrior.
The orc warrior is heavily wounded.
You slash the orc warrior!
You kill the orc warrior!
Trog accepts your kill.
Things that are here:
a halberd; a ring mail; an orc corpse There's something blocking the doorway.
You feel a strong urge to attack something.
There is an open door, spattered with blood here.
You see here 5 bolts.
The orc warrior shoots a bolt.
The bolt hits you!
You die...

#......≈##.##≈......,
, , ,
#......≈≈#o#≈≈....# *
#.......≈≈≈≈≈.....# ,
, #.................#
, #........o........#
++ ,
#............(##(.#
#(..(.........##o##
#.............##.+ *,
*,'
#.............##@###,
, ,
#.............##.()#
#.............##.###
#..............#.. ,
#..............##.. +
,
#...............##..
*
#.......≈≈≈≈≈....*###
* , #......≈≈ , ,
#......≈## * ,,


You could see an orc warrior.

Vanquished Creatures
  Pikel (D:4)
  Eustachio (D:4)
  An orc warrior (Bailey)
  4 slaves (D:4)
  An ice beast (D:5)
  An ogre (D:6)
  Blork the orc (D:4)
  2 giant frogs
  A water moccasin skeleton (D:4)
  2 hounds (D:5)
  A centaur skeleton (D:5)
  A giant frog zombie (D:6)
  3 jellies (D:5)
  4 orc wizards
  A worker ant (D:5)
  2 hound zombies
  A hound skeleton (D:6)
  Robin (D:2)
  11 adders
  3 gnolls (D:6)
  An adder zombie (D:5)
  12 oozes (Sewer)
  A worm (D:2)
  21 giant geckos
  9 orcs
  10 goblins
  7 hobgoblins
  15 jackals
  2 quokkas
  11 ball pythons (Sewer)
  11 bats
  12 giant cockroaches
  A giant cockroach zombie (D:6)
  11 giant newts
  6 kobolds
  A quokka skeleton (D:4)
  15 rats
189 creatures vanquished.

Notes
Turn   | Place    | Note
--------------------------------------------------------------
     0 | D:1      | HeyJoe the Deep Dwarf Berserker began the quest for the Orb.
     0 | D:1      | Reached XP level 1. HP: 20/20 MP: 1/1
   295 | D:1      | Reached XP level 2. HP: 22/27 MP: 2/2
   300 | D:1      | Reached skill level 4 in Axes
   548 | D:2      | Found a shimmering altar of Xom.
   548 | D:2      | Found a bloodstained altar of Trog.
   548 | D:2      | Found a white marble altar of Elyvilon.
   548 | D:2      | Found a shadowy altar of Dithmenos.
   590 | D:2      | Noticed Robin
   602 | D:2      | Acquired Trog's second power
   611 | D:2      | Killed Robin
   611 | D:2      | Reached XP level 3. HP: 26/33 MP: 3/3
   915 | D:2      | Reached skill level 5 in Axes
  1312 | D:3      | Reached XP level 4. HP: 30/40 MP: 4/4
  1647 | D:4      | Noticed Blork the orc
  1673 | D:4      | Killed Blork the orc
  1673 | D:4      | Reached skill level 6 in Axes
  1673 | D:4      | Reached XP level 5. HP: 29/46 MP: 5/5
  1800 | D:4      | Noticed a slave
  1801 | D:4      | Noticed a slave
  1801 | D:4      | Noticed a slave
  1802 | D:4      | Noticed Pikel
  1803 | D:4      | Noticed a slave
  1809 | D:4      | Killed a slave
  1813 | D:4      | Killed a slave
  1822 | D:4      | Killed a slave
  1826 | D:4      | Killed Pikel
  1826 | D:4      | Reached skill level 9 in Axes
  1826 | D:4      | Reached XP level 6. HP: 30/55 MP: 6/6
  1826 | D:4      | Reached XP level 7. HP: 33/61 MP: 7/7
  1835 | D:4      | Killed a freed slave
  1900 | D:4      | Noticed Eustachio
  1919 | D:4      | Killed Eustachio
  1919 | D:4      | Reached skill level 10 in Axes
  2640 | D:5      | Entered Level 5 of the Dungeon
  2804 | D:5      | Found a staircase to the Ecumenical Temple.
  2886 | D:5      | Found a glowing drain.
  2923 | Sewer    | Entered a sewer
  3038 | Sewer    | Acquired Trog's third power
  3041 | Sewer    | Reached XP level 8. HP: 53/68 MP: 8/8
  3421 | D:5      | Found a radiant altar of Vehumet.
  3425 | D:5      | Reached skill level 11 in Axes
  3474 | Temple   | Entered the Ecumenical Temple
  4689 | D:6      | Reached skill level 12 in Axes
  4733 | D:6      | Found an iron altar of Okawaru.
  4735 | D:6      | Found an opulent altar of Gozag.
  4738 | D:6      | Found a deep blue altar of Sif Muna.
  5269 | D:7      | Found Wiroefudgh's Gadget Shop.
  5287 | D:7      | Found a sparkling altar of Nemelex Xobeh.
  5313 | D:7      | Found a flagged portal.
  5337 | Bailey   | Entered a bailey
  5391 | Bailey   | HP: 5/102 [orc warrior/halberd (8)]
  5402 | Bailey   | Shot with a bolt by an orc warrior

Vault maps used:
D:1:      dpeg_arrival_ratfight, minivault_25, lemuel_another_geyser
D:2:      grunt_temple_overflow_open, first_bread, uniq_robin
D:3:      serial_curves, eino_curves_04, eino_curves_04
D:4:      uniq_eustachio, uniq_pikel, uniq_blork_the_orc
D:5:      vehumet_crystals, minmay_temple_entry_large_hall,
          portal_sewer_entry_d, hangedman_decor_lopped, corner_web_ring
D:6:      nicolae_overflow_hidden_temple
D:7:      old_standard_altar, enter_bailey_2, serial_shops, nicolae_shop_stone,
          grunt_livestock, nemelex_diamond_rough_becter
Temple:   minmay_temple_bridge_d_8
Sewer:    sewer_frog_island_02
Bailey:   bailey_polearm_2, bailey

Action                   |  1- 3 |  4- 6 |  7- 9 || total
-------------------------+-------+-------+-------++-------
Melee: Hand axe          |   119 |    72 |   483 ||   674
Invok: Berserk           |     2 |     2 |     7 ||    11
       Burn Spellbooks   |     1 |       |     1 ||     2
       Trog's Hand       |       |     1 |       ||     1
Evoke: Wand              |       |     2 |     4 ||     6
  Use: Potion            |       |       |     1 ||     1
  Eat: Chunk             |     2 |     4 |    14 ||    20
       Meat ration       |       |       |     1 ||     1
